 Dungeon Crawl Stone Soup version 0.25-a0-1136-gc1285e62ab (webtiles) character file.

Game seed: 2117731527720197253, levelgen mode: deterministic

121942 1994 the Brawler (level 16, -8/163 HPs)
             Began as a Troll Monk on May 23, 2020.
             Was a High Priest of Ru.
             Mangled by a wolf spider (20 damage)
             ... on level 2 of the Spider Nest.
             The game lasted 01:24:50 (25789 turns).

1994 the Brawler (Troll Monk)                      Turns: 25789, Time: 01:24:51

Health: -8/163     AC: 11    Str: 28    XL:     16   Next: 33%
Magic:  13/13      EV: 12    Int: 12    God:    Ru [*****.]
Gold:   160        SH: 14    Dex: 12    Spells: 15/15 levels left

rFire    + + .     SeeInvis +     - Unarmed
rCold    + . .     Gourm    +   l - +2 kite shield {rF+}
rNeg     . . .     Faith    +   N - +1 acid dragon scales
rPois    +         Spirit   .   (helmet restricted)
rElec    +         Reflect  .   G - scarf {rC+ rF+}
rCorr    +         Harm     .   (gloves unavailable)
MR       ++...                  (boots unavailable)
Stlth    ..........             g - amulet of faith
HPRegen  0.77/turn              u - ring of Divine Compulsion {rElec EV+4 Int+2}
MPRegen  0.13/turn              A - ring of Qakloaw {rPois MR+ Int+4 SInv Stlth-}

@: no status effects
A: large, unfitting armour, claws 3, fast metabolism 3, gourmand, low mp 1,
regeneration 1, shaggy fur 1, tough skin 3, no stealth, hated by all, inability
to train dodging, no earth magic, no summoning magic, no transmutations magic,
disrupted magic 1, unskilled 1
a: Draw Out Power, Power Leap, Apocalypse, Renounce Religion


You were on level 2 of the Spider Nest.
You worshipped Ru.
Ru was extremely pleased with you.
You were not hungry.

You visited 5 branches of the dungeon, and saw 26 of its levels.
You also visited: Gauntlet.

You collected 2265 gold pieces.
You spent 2105 gold pieces at shops.

Inventory:

Hand Weapons
 b - a +4 scimitar of flaming
Missiles
 q - 40 javelins
 C - 108 poisoned darts (quivered)
 P - 5 throwing nets
 S - 25 boomerangs
 U - 24 large rocks
Armour
 l - a +2 kite shield of fire resistance (worn)
 B - the -2 kite shield of Uskayaw's Hope {rElec Str+5 Dex-2}
   (You found it on level 4 of the Dungeon)

   It affects your strength (+5).
   It affects your dexterity (-2).
   It insulates you from electricity.
 G - a scarf of resistance (worn)
 N - +1 acid dragon scales (worn)
Jewellery
 g - an amulet of faith (around neck)
 i - a +4 ring of protection
 m - an uncursed ring of ice
 p - an uncursed ring of protection from magic
 u - the ring of Divine Compulsion (left claw) {rElec EV+4 Int+2}
   (You bought it in a shop on level 8 of the Dungeon)

   [ring of evasion]

   It affects your evasion (+4).
   It affects your intelligence (+2).
   It insulates you from electricity.
 v - an uncursed ring of protection from fire
 A - the ring of Qakloaw (right claw) {rPois MR+ Int+4 SInv Stlth-}
   (You bought it in a shop on level 2 of the Orcish Mines)

   [ring of protection from magic]

   It affects your intelligence (+4).
   It protects you from poison.
   It affects your resistance to hostile enchantments.
   It lets you see invisible.
   It makes you less stealthy.
 K - an uncursed ring of positive energy
 W - a +4 ring of protection
 Y - an uncursed amulet of the acrobat {unknown}
Wands
 c - a wand of clouds (8)
 k - a wand of acid (8)
 n - a wand of flame (37)
 s - a wand of digging (31)
 F - a wand of iceblast (44)
 R - a wand of paralysis (16)
 V - a wand of random effects (42)
Scrolls
 h - 3 scrolls of magic mapping
 r - 6 scrolls of remove curse
 t - 9 scrolls of teleportation
 w - 6 scrolls of fog
 y - 7 scrolls of identify
 E - a scroll of vulnerability
 O - 2 scrolls of immolation
 Q - 2 scrolls of holy word
 X - 2 scrolls of blinking
Potions
 a - 3 potions of cancellation
 d - 11 potions of curing
 e - 5 potions of heal wounds
 f - 3 potions of magic
 o - 4 potions of stabbing
 x - 7 potions of resistance
 D - 6 potions of flight
 L - 2 potions of lignification
 M - 2 potions of invisibility
 Z - 3 potions of haste
Miscellaneous
 j - a phial of floods
Comestibles
 J - 40 rations


   Skills:
 + Level 11.5 Fighting
 + Level 10.0 Throwing
 - Level 9.0 Shields
 * Level 18.0 Unarmed Combat


You had 15 spell levels left.
You didn't know any spells.
Your spell library contained the following spells:

 Spells                   Type           Power        Failure   Level  Hunger
 Corona                   Hex            #......      47%         1    ##.....
 Freeze                   Ice            #...         47%         1    ##.....
 Magic Dart               Conj           #...         47%         1    ##.....
 Pain                     Necr           #...         47%         1    ##.....
 Blink                    Tloc           N/A          61%         2    ###....
 Ensorcelled Hibernation  Hex/Ice        #.....       61%         2    ###....
 Searing Ray              Conj           #.....       61%         2    ###....
 Slow                     Hex            #.......     61%         2    ###....
 Confusing Touch          Hex            #.......     83%         3    ####...
 Conjure Flame            Conj/Fire      #.......     83%         3    ####...
 Dazzling Flash           Conj/Hex       #.....       83%         3    ####...
 Frozen Ramparts          Ice            #.....       83%         3    ####...
 Mephitic Cloud           Conj/Pois/Air  #.......     83%         3    ####...
 Ozocubu's Armour         Chrm/Ice       #.......     83%         3    ####...
 Vampiric Draining        Necr           #.........   83%         3    ####...
 Fulminant Prism          Conj/Hex       #.........   99%         4    #####..
 Hailstorm                Conj/Ice       #.......     99%         4    #####..
 Iskenderun's Mystic Bla  Conj/Tloc      #.......     99%         4    #####..
 Agony                    Necr           #.......     100%        5    ######.
 Animate Skeleton         Necr           Unusable     N/A         1    N/A
 Call Imp                 Summ           Unusable     N/A         2    N/A
 Tukima's Dance           Hex            Unusable     N/A         3    N/A
 Animate Dead             Necr           Unusable     N/A         4    N/A
 Summon Ice Beast         Ice/Summ       Unusable     N/A         4    N/A

Dungeon Overview and Level Annotations

Branches:
Dungeon (15/15)            Temple (1/1) D:6            Lair (6/6) D:8
 Shoals (0/4) Lair:3       Spider (2/4) Lair:4        Slime (0/5) Lair:6
    Orc (2/2) D:10            Elf (0/3) Orc:2        Vaults (0/5) D:13
 Depths (0/5) D:15        Gauntlet (visited)

Altars:
Ashenzari
Cheibriados
Dithmenos
Elyvilon
Fedhas
Gozag
Hepliaklqana
Kikubaaqudgha
Makhleb
Nemelex Xobeh
Okawaru
Qazlal
Ru
Sif Muna
Trog
Uskayaw
Vehumet
Wu Jian
Xom
Yredelemnul
Zin
The Shining One
Beogh
Jiyva

Shops:
D:6 ?   D:7 !   D:8 ==[   Orc:1 ?   Orc:2 =(}[=


Innate Abilities, Weirdness & Mutations

You are too large for most types of armour.
You have claws for hands.
Your metabolism is lightning-fast.
You like to eat raw meat.
Your magical capacity is low. (-10% MP)
Your natural rate of healing is unusually fast.
You are covered in fur. (AC +1)
You have extremely tough skin. (AC +3)
You cannot be stealthy.
You are hated by all.
You cannot train Dodging skill.
You cannot study or cast Earth magic.
You cannot study or cast Summoning magic.
You cannot study or cast Transmutations magic.
Your casting is slightly disrupted.
You are somewhat unskilled. (-1 Apt)


Message History

* * * LOW HITPOINT WARNING * * *
Unknown command.
Unknown command.
You eviscerate the tarantella!!!
You kill the tarantella!
You block the wolf spider's attack. x2
The wolf spider hits you but does no damage.
The wolf spider misses you.
Unknown command.
Unknown command.
Unknown command.
Okay, then.
Unknown command.
You mangle the wolf spider!!
The wolf spider is severely wounded.
The wolf spider hits you!
* * * LOW HITPOINT WARNING * * *
You focus your will and blind the wolf spider in retribution!
You block the wolf spider's attack. The wolf spider hits you!!
You die...

..........#..##.........
....?..................
#............#.#...^..
#.........s..........
#....(..............
#..................
#††................
#....#s........#.......
#.....#@s..............^
..#..^.#.................
#.#.##....^............
#... #................#
.... #................ .
^.. #......#.........
#^..^..........#.
#.................
..................


You could see 2 wolf spiders and a redback.

Vanquished Creatures
  Kirke (D:14)
  An orc warlord (Orc:1)
  An emperor scorpion (Lair:4)
  The ghost of Qit Vam the Blocker, a journeyman DDFi of Makhleb (Orc:1)
  A stone giant (Orc:1)
  Azrael (Orc:2)
  4 entropy weavers
  A minotaur (Gauntlet)
  A dire elephant (Lair:6)
  A death ooze (Gauntlet)
  A blizzard demon (Gauntlet)
  An ettin (D:15)
  Erolcha (D:11)
  Harold (D:10)
  4 hydras
  A catoblepas (Lair:6)
  Erica (D:9)
  5 centaur warriors
  A deep troll shaman (Lair:6)
  4 ogre magi (Orc:2)
  16 two-headed ogres
  Urug (D:10)
  5 death yaks (Lair:6)
  2 tengu warriors (D:14)
  A hell knight (D:15)
  An unseen horror (D:10)
  2 orc knights
  11 ugly things
  3 orc sorcerers
  4 oklob plants
  16 wolf spiders
  A manticore (D:15)
  7 orb spiders
  3 cyclopes
  10 elephants (Lair:6)
  A manticore (shapeshifter) (D:13)
  2 black mambas
  A centaur zombie (D:15)
  Joseph (D:9)
  2 torpor snails
  2 gargoyles
  10 spiny frogs
  3 rime drakes
  6 komodo dragons
  3 kobold demonologists
  6 demonic crawlers
  3 efreet
  An ice devil (Gauntlet)
  5 tengu conjurers
  17 jumping spiders
  2 merfolk (Lair:3)
  5 hornets
  A queen bee (Gauntlet)
  3 trolls
  A merfolk (shapeshifter) (D:13)
  3 meliai (D:13)
  Grinder (D:4)
  6 blink frogs
  10 hippogriffs
  Sigmund (D:6)
  3 shadows
  14 tarantellas
  A wraith (D:13)
  4 wyverns
  32 redbacks
  5 humans (D:14)
  37 yaks
  Grum (D:10)
  3 fire elementals (Orc:2)
  2 hogs (D:14)
  4 vampire mosquitoes
  3 wargs
  An acid dragon (D:11)
  13 water moccasins
  2 hell hounds (Orc:2)
  4 porcupines
  4 black bears
  A hornet zombie (D:14)
  3 eyes of draining
  7 ice beasts
  29 orc warriors
  30 ogres
  2 sky beasts
  A necrophage (D:14)
  23 centaurs
  3 phantoms
  12 crocodiles
  20 wolves
  22 big kobolds
  The ghost of temitten the Gusty, an amateur DEAE (D:3)
  17 bullfrogs
  A wyvern zombie (D:13)
  A wyvern skeleton (D:13)
  11 killer bees
  9 wights
  3 electric eels
  4 howler monkeys
  5 crimson imps
  5 quasits
  4 jellies
  3 bullfrog zombies
  4 bullfrog skeletons
  7 centaur skeletons
  16 orc priests
  27 orc wizards
  2 iguanas
  10 worker ants
  2 killer bee zombies
  A hound skeleton (D:6)
  Robin (D:2)
  10 gnolls
  10 adders
  6 shadow imps
  2 oozes
  An adder skeleton (D:7)
  4 worms
  3 dart slugs
  2 leopard geckos
  106 orcs
  6 bats
  3 giant cockroaches
  19 goblins
  7 hobgoblins
  10 jackals
  7 quokkas
  8 ball pythons
  3 frilled lizards
  45 kobolds
  A leopard gecko skeleton (D:4)
  2 leopard gecko zombies (D:5)
  6 rats
  A plant (Lair:6)
894 creatures vanquished.

Vanquished Creatures (others)
  A hydra (D:13)
  A two-headed ogre (Orc:2)
  A tengu warrior (D:15)
  An elephant (Lair:6)
  A blink frog (Lair:6)
  A redback (Spider:1)
  A tarantella (Spider:1)
  An ogre (Orc:2)
  A centaur (D:13)
  A howler monkey (D:13)
  A white imp (Gauntlet)
  2 orcs
  A kobold (Orc:1)
  A bush (Lair:6)
  A fungus (Lair:6)
  3 plants (Lair:6)
19 creatures vanquished.

Grand Total: 913 creatures vanquished

Notes
Turn   | Place    | Note
-------+----------+-------------------------------------------
     0 | D:1      | 1994 the Troll Monk began the quest for the Orb.
     0 | D:1      | Reached XP level 1. HP: 22/22 MP: 0/0
   141 | D:1      | Reached XP level 2. HP: 29/29 MP: 1/1
   453 | D:1      | Reached XP level 3. HP: 23/36 MP: 2/2
   549 | D:1      | Reached skill level 4 in Unarmed Combat
  1047 | D:2      | Reached XP level 4. HP: 43/44 MP: 3/3
  1239 | D:2      | Noticed an ice beast
  1335 | D:2      | Killed an ice beast
  1335 | D:2      | Reached skill level 1 in Shields
  1335 | D:2      | Reached XP level 5. HP: 53/53 MP: 4/4
  1484 | D:2      | Noticed Robin
  1511 | D:2      | Killed Robin
  1846 | D:3      | Found a transporter.
  1873 | D:3      | Reached skill level 5 in Unarmed Combat
  2243 | D:3      | Reached XP level 6. HP: 61/61 MP: 5/5
  2371 | D:3      | Found a transporter.
  2373 | D:3      | Noticed temitten's ghost (amateur DEAE)
  2494 | D:3      | Found a faded altar of an unknown god.
  2674 | D:4      | Found an opulent altar of Gozag.
  2728 | D:4      | Noticed Grinder
  2762 | D:4      | Killed Grinder
  2762 | D:4      | Reached XP level 7. HP: 28/68 MP: 6/6
  2951 | D:4      | Reached skill level 6 in Unarmed Combat
  3239 | D:4      | Got a spiked kite shield
  3272 | D:5      | Entered Level 5 of the Dungeon
  3294 | D:4      | Identified the cursed -2 kite shield of Uskayaw's Hope
                  | {rElec Str+5 Dex-2} (You found it on level 4 of the
                  | Dungeon)
  3398 | D:5      | Found a sparkling altar of Nemelex Xobeh.
  3398 | D:5      | Found a snail-covered altar of Cheibriados.
  3398 | D:5      | Found a glowing silver altar of Zin.
  3403 | D:5      | Found a radiant altar of Vehumet.
  3684 | D:6      | Found a staircase to the Ecumenical Temple.
  3690 | Temple   | Entered the Ecumenical Temple
  3695 | Temple   | Became a worshipper of Ru the Awakened
  3710 | Temple   | Gained mutation: You cannot study or cast Earth magic. [Ru
                  | sacrifice]
  3710 | Temple   | Gained mutation: You cannot study or cast Transmutations
                  | magic. [Ru sacrifice]
  3710 | Temple   | Gained mutation: You cannot study or cast Summoning magic.
                  | [Ru sacrifice]
  3710 | Temple   | Reached * piety under Ru
  3801 | D:6      | Found Vozompov's Magic Scroll Boutique.
  3810 | D:6      | Bought a scroll of teleportation for 36 gold pieces
  3810 | D:6      | Bought a scroll of fog for 24 gold pieces
  3810 | D:6      | Bought a scroll of magic mapping for 42 gold pieces
  4060 | D:5      | Reached XP level 8. HP: 70/78 MP: 7/7
  4222 | D:5      | Reached skill level 7 in Unarmed Combat
  4607 | D:6      | Reached skill level 5 in Shields
  4619 | D:6      | Noticed Sigmund
  4627 | D:6      | Killed Sigmund
  4894 | D:7      | Reached skill level 8 in Unarmed Combat
  5059 | D:7      | Reached skill level 5 in Fighting
  5076 | D:7      | Reached XP level 9. HP: 88/88 MP: 8/8
  5272 | D:7      | Found Saliuf's Distillery.
  5302 | D:7      | Bought a potion of degeneration for 13 gold pieces
  5803 | D:3      | Killed temitten's ghost
  5999 | D:8      | Found a staircase to the Lair.
  6288 | D:8      | Reached skill level 9 in Unarmed Combat
  6388 | D:8      | Gained mutation: You cannot train Dodging skill. [Ru
                  | sacrifice]
  6388 | D:8      | Reached ** piety under Ru
  6459 | D:8      | Found Dat Fat's Jewellery Boutique.
  6495 | D:8      | Found Nibuli's Antique Armour Boutique.
  6522 | D:8      | Bought a runed robe for 85 gold pieces
  6532 | D:8      | Bought an embroidered robe for 85 gold pieces
  6550 | D:8      | Noticed a two-headed ogre
  6614 | D:8      | Found Kiphiekk's Jewellery Emporium.
  6732 | D:8      | Found a basalt altar of Yredelemnul.
  6732 | D:8      | Found a hazy altar of Hepliaklqana.
  6990 | D:9      | Noticed Joseph
  7004 | D:9      | Killed Joseph
  7004 | D:9      | Reached XP level 10. HP: 76/98 MP: 9/9
  7146 | D:9      | Noticed Erica
  7154 | D:9      | Killed Erica
  7154 | D:9      | Reached skill level 10 in Unarmed Combat
  7290 | D:9      | Found a white marble altar of Elyvilon.
  7405 | D:10     | Entered Level 10 of the Dungeon
  7420 | D:10     | Noticed Urug
  7431 | D:10     | Killed Urug
  7716 | D:10     | Found a roughly hewn altar of Beogh.
  7716 | D:10     | Found a staircase to the Orcish Mines.
  7909 | D:9      | Reached skill level 11 in Unarmed Combat
  7927 | D:10     | Noticed Grum
  7989 | D:10     | Noticed an unseen horror
  8007 | D:10     | Killed an unseen horror
  8121 | D:10     | Killed Grum
  8246 | D:10     | Reached XP level 11. HP: 107/107 MP: 10/10
  8286 | D:10     | Noticed Harold
  8309 | D:10     | Killed Harold
  8570 | D:10     | Gained mutation: You are hated by all. [Ru sacrifice]
  8570 | D:10     | Reached *** piety under Ru
  9313 | D:11     | Noticed Erolcha
  9325 | D:11     | Killed Erolcha
  9325 | D:11     | Reached skill level 12 in Unarmed Combat
  9629 | D:11     | You fall into a shaft and drop 1 floor!
  9729 | D:12     | Reached skill level 1 in Throwing
  9833 | D:11     | Found a glowing golden altar of the Shining One.
  9931 | D:11     | Gained mutation: You are somewhat unskilled. (-1 Apt) [Ru
                  | sacrifice]
  9931 | D:11     | Reduced skill Unarmed Combat to level 11
  9931 | D:11     | Reached **** piety under Ru
 10140 | D:8      | Killed a two-headed ogre
 10140 | D:8      | Reached skill level 12 in Unarmed Combat
 10485 | Lair:1   | Entered Level 1 of the Lair of Beasts
 10716 | Lair:1   | Noticed a four-headed hydra
 10727 | Lair:1   | Killed a one-headed hydra
 10742 | Lair:1   | Found a frozen archway.
 10821 | Lair:1   | Reached XP level 12. HP: 116/118 MP: 11/11
 11237 | Lair:2   | Gained mutation: You cannot be stealthy. [Ru sacrifice]
 11237 | Lair:2   | Reached ***** piety under Ru
 12150 | Lair:3   | Found a staircase to the Shoals.
 12214 | Lair:3   | Gained mutation: Your casting is slightly disrupted. [Ru
                  | sacrifice]
 12871 | Lair:4   | Reached skill level 13 in Unarmed Combat
 13193 | Lair:4   | Found a hole to the Spider Nest.
 14431 | Lair:6   | Entered Level 6 of the Lair of Beasts
 14698 | Lair:6   | Reached XP level 13. HP: 59/128 MP: 12/12
 14804 | Lair:6   | Found a staircase to the Slime Pits.
 14813 | Lair:6   | Found a viscous altar of Jiyva.
 14825 | Lair:6   | Found a gate leading to a gauntlet.
 14862 | Gauntlet | Entered a Gauntlet
 14862 | Gauntlet | Found a transporter.
 14862 | Gauntlet | Found a transporter.
 14862 | Gauntlet | Noticed a death ooze
 14880 | Gauntlet | Found a transporter.
 14893 | Gauntlet | Found a transporter.
 14893 | Gauntlet | Found a transporter.
 14895 | Gauntlet | Found a transporter.
 14895 | Gauntlet | Found a transporter.
 14897 | Gauntlet | Found a transporter.
 14905 | Gauntlet | Found a runed translucent gate.
 14905 | Gauntlet | Found a runed translucent gate.
 14905 | Gauntlet | Found a runed translucent gate.
 14907 | Gauntlet | Found a transporter.
 14923 | Gauntlet | Found a transporter.
 14930 | Gauntlet | Noticed a blizzard demon
 14932 | Gauntlet | Found a runed translucent door.
 14933 | Gauntlet | Found a transporter.
 14934 | Gauntlet | Found a runed translucent door.
 14947 | Gauntlet | Found a transporter.
 14967 | Gauntlet | Found a transporter.
 14982 | Gauntlet | Found a transporter.
 15203 | Gauntlet | Killed a death ooze
 15203 | Gauntlet | Reached skill level 5 in Throwing
 15332 | Gauntlet | Killed a blizzard demon
 15348 | Gauntlet | Identified the +1 cloak of Sif Muna's Regard {Regen+ Int-3
                  | Dex+3} (You found it in a Gauntlet)
 15474 | Gauntlet | Noticed a minotaur
 15475 | Gauntlet | Found the +3 salamander hide armour {+Rage rF++}
 15490 | Gauntlet | Killed a minotaur
 15679 | Lair:6   | Reached skill level 14 in Unarmed Combat
 16621 | Lair:6   | Noticed a dire elephant
 16629 | Lair:6   | Killed a dire elephant
 17366 | D:12     | Reached XP level 14. HP: 140/140 MP: 13/13
 17421 | D:12     | Gained mutation: Your magical capacity is low. (-10% MP)
                  | [Ru sacrifice]
 17487 | D:12     | Reached skill level 15 in Unarmed Combat
 18545 | D:13     | Found a gate to the Vaults.
 19130 | D:14     | Reached skill level 10 in Fighting
 19336 | D:14     | Noticed Kirke
 19357 | D:14     | Killed Kirke
 19569 | D:14     | Reached skill level 16 in Unarmed Combat
 19883 | D:15     | Entered Level 15 of the Dungeon
 19983 | D:15     | Found a shadowy altar of Dithmenos.
 20568 | D:15     | Found a stormy altar of Qazlal.
 20607 | D:15     | Reached XP level 15. HP: 126/152 MP: 12/12
 20760 | D:15     | Found a staircase to the Depths.
 21121 | Orc:1    | Entered Level 1 of the Orcish Mines
 21552 | Orc:1    | Noticed an orc warlord
 21560 | Orc:1    | Killed an orc warlord
 21660 | Orc:1    | Found Uxamuymy's Magic Scroll Shop.
 21670 | Orc:1    | Bought a scroll of random uselessness for 12 gold pieces
 21951 | Orc:1    | Found a runed translucent door.
 21953 | Orc:1    | Noticed Qit Vam's ghost (journeyman DDFi)
 21971 | Orc:1    | Killed Qit Vam's ghost
 22013 | Orc:2    | Entered Level 2 of the Orcish Mines
 22274 | Orc:2    | Noticed Azrael
 22294 | Orc:2    | Killed Azrael
 22294 | Orc:2    | Reached skill level 17 in Unarmed Combat
 22322 | Orc:2    | Found a staircase to the Elven Halls.
 22657 | Orc:2    | Found Hesis's Armour Boutique.
 22657 | Orc:2    | Found Hefewunn's Weapon Shoppe.
 22657 | Orc:2    | Found Ycsaw's Gadget Shoppe.
 22657 | Orc:2    | Found Repenokh's Jewellery Shop.
 22806 | Orc:2    | Found Xoenugg's Jewellery Shoppe.
 22824 | Orc:2    | Bought a scarf of resistance for 576 gold pieces
 22954 | Orc:2    | Bought the ring of Qakloaw {rPois MR+ Int+4 SInv Stlth-}
                  | for 474 gold pieces
 23469 | D:8      | Bought the ring of Divine Compulsion {rElec EV+4 Int+2} for
                  | 758 gold pieces
 23657 | Spider:1 | Entered Level 1 of the Spider Nest
 24645 | Spider:1 | Reached XP level 16. HP: 129/162 MP: 13/13
 25734 | Spider:2 | Reached skill level 10 in Throwing
 25750 | Spider:2 | Reached skill level 18 in Unarmed Combat
 25789 | Spider:2 | Mangled by a wolf spider

Illustrated notes

Levels and vault maps discovered:
D:1:      heliophobic_arrival_ceremonial_halls, layout_basic
D:2:      minmay_recursive_quarters, layout_basic, uniq_robin
D:3:      layout_basic, gammafunk_ghost_stat_death,
          chequers_ecumenical_altar_simple_redux, minmay_bisected
D:4:      layout_rooms, lemuel_doored_altar, minmay_unequal, uniq_grinder
D:5:      layout_loops_ring, minitemple, first_ration, minmay_misc_feat_roman
D:6:      layout_basic, minmay_temple_entry_hall, serial_shops, shop,
          uniq_sigmund
D:7:      minmay_angry_zag, layout_basic, serial_shops, shop
D:8:      layout_basic, gammafunk_temple_overflow_statue, lair_entry_dummy,
          serial_shops, shop, shop_coins, kennysheep_little_box
D:9:      layout_cave_pools, lemuel_coloured_pillars_altar, grunt_pizzeria,
          uniq_erica, uniq_joseph
D:10:     layout_loops_ring, david_orc_5, uniq_harold, uniq_grum, uniq_urug
D:11:     layout_loops_ring, tso_metal_star, uniq_erolcha
D:12:     kennysheep_six_static_rooms, layout_basic
D:13:     layout_gridville, david_vaults_4
D:14:     layout_roguey, hangedman_abyss_or_decor_passed, uniq_kirke
D:15:     hangedman_depths_entry_civil_slaughter, layout_basic, basic_altar,
          hangedman_decor_clover_reticule, grunt_dithmenos_smoke_and_mirrors
Temple:   zaba_magenta_temple
Lair:1:   layout_chaotic_city, portal_ice_cave_entry_pillars_1,
          serial_bayou_lake_a
Lair:2:   layout_chaotic_city, serial_bayou_shore_b
Lair:3:   layout_chaotic_city, elwin_shoals_entry_rooms
Lair:4:   layout_misc_corridors, nicolae_spider_entry_tight_spaces,
          lemuel_fruit_fields, infiniplex_staircase_pool
Lair:5:   layout_hall_layers, lemuel_fruit_tree, infiniplex_staircase_pool_2,
          serial_bayou_shore_a
Lair:6:   grunt_lair_end_beastmaster, layout_layer_cave, slime_altar_1,
          gauntlet_entry_generic, grunt_megastairs_5
Spider:1: spider_temple_joshua
Spider:2: cheibrodos_spider_silkery, nicolae_spider_cling_ruins, uniq_nikola
Orc:1:    layout_caves, serial_shops, shop, ebering_ghost_reflecting_pool,
          special_room [special_room_kobold], minmay_orc_barracks
Orc:2:    st_orc_ogre_mass, layout_caves, serial_shops, shop, uniq_azrael

Skill      XL: |  1  2  3  4  5  6  7  8  9 10 11 12 13 14 15 16 |
---------------+-------------------------------------------------+-----
Unarmed Combat | 4 5 6 8 9 11 12 13 14 16 17 18 | 18.0
Fighting       | 3 4 5 6 7 8 9 10 11 | 11.5
Shields        | 1 2 3 4 5 7 8 8 9 |  9.0
Dodging        | 0 |  0.0
Throwing       | 2 4 6 8 9 10 | 10.0
Stealth        | 0 |  0.0

Action                   |  1- 3 |  4- 6 |  7- 9 | 10-12 | 13-15 | 16-18 || total
-------------------------+-------+-------+-------+-------+-------+-------++-------
Melee: Unarmed           |   104 |   150 |   342 |   667 |  1513 |   151 ||  2927
       Punch             |     1 |       |       |       |       |       ||     1
       Scimitar          |       |       |       |     6 |    29 |       ||    35
Throw: Dart              |       |       |     7 |     4 |     5 |    13 ||    29
Invok: Sacrifice Arcana  |       |       |     1 |       |       |       ||     1
       Sacrifice Nimblen |       |       |     1 |       |       |       ||     1
       Sacrifice Love    |       |       |       |     1 |       |       ||     1
       Sacrifice Skill   |       |       |       |     1 |       |       ||     1
       Power Leap        |       |       |       |     1 |     6 |     3 ||    10
       Reject Sacrifices |       |       |       |     1 |     2 |       ||     3
       Sacrifice Essence |       |       |       |     1 |     1 |       ||     2
       Sacrifice Stealth |       |       |       |     1 |       |       ||     1
Evoke: Wand              |       |       |       |     1 |       |       ||     1
  Use: Scroll            |       |       |    14 |     9 |     4 |     1 ||    28
       Potion            |       |       |       |       |     4 |     1 ||     5
 Stab: Sleeping          |     3 |       |     6 |     2 |       |       ||    11
       Invisible         |       |       |     1 |     3 |    22 |       ||    26
       Distracted        |       |       |       |     1 |     7 |     2 ||    10
       Paralysed         |       |       |       |     7 |    10 |       ||    17
       Petrified         |       |       |       |       |     5 |       ||     5
  Eat: Chunk             |    15 |    16 |    39 |    69 |    89 |     7 ||   235
Armor: Robe              |    38 |    36 |   108 |    42 |     1 |       ||   225
       Skin              |       |     3 |       |       |       |       ||     3
       Acid dragon scale |       |       |       |   116 |   594 |    52 ||   762
Dodge: Dodged            |    39 |    43 |   111 |   123 |   348 |    60 ||   724
Block: Kite shield       |     9 |    40 |   182 |   266 |   844 |   110 ||  1451

Table legend:
 A = Non-vault XP
 B = Vault XP
 C = Vault XP percentage of total XP
 D = Non-vault monster count
 E = Vault monster count
 F = Vault count percentage of total count
                 A         B        C        D         E       F
            +---------+---------+-------+---------+---------+-------
      Total |  100198 |   74005 |  42.5 |     668 |     227 |  25.4
            +---------+---------+-------+---------+---------+-------
        D:1 |      60 |       0 |   0.0 |      32 |       0 |   0.0
        D:2 |     162 |      59 |  26.7 |      14 |      18 |  56.2
        D:3 |     156 |     218 |  58.3 |      20 |       9 |  31.0
        D:4 |     260 |     310 |  54.4 |       9 |       2 |  18.2
        D:5 |     575 |       0 |   0.0 |      24 |       0 |   0.0
        D:6 |     449 |     231 |  34.0 |      13 |       1 |   7.1
        D:7 |     690 |       0 |   0.0 |      13 |       0 |   0.0
        D:8 |    2434 |       0 |   0.0 |      25 |       0 |   0.0
        D:9 |    1004 |    1976 |  66.3 |      20 |       9 |  31.0
       D:10 |    2039 |    2531 |  55.4 |      23 |      23 |  50.0
       D:11 |    3229 |    1039 |  24.3 |      29 |       1 |   3.3
       D:12 |    6291 |    1485 |  19.1 |      49 |       6 |  10.9
       D:13 |   13376 |    1741 |  11.5 |      63 |       4 |   6.0
       D:14 |    8596 |    2554 |  22.9 |      41 |       3 |   6.8
       D:15 |    7307 |    4996 |  40.6 |      20 |       6 |  23.1
     Lair:1 |    3074 |       0 |   0.0 |      13 |       0 |   0.0
     Lair:2 |    2765 |       0 |   0.0 |      13 |       0 |   0.0
     Lair:3 |    1956 |     579 |  22.8 |      12 |       2 |  14.3
     Lair:4 |    5033 |    3301 |  39.6 |      18 |       8 |  30.8
     Lair:5 |    1275 |       0 |   0.0 |       8 |       0 |   0.0
     Lair:6 |   14848 |   10172 |  40.7 |      52 |      21 |  28.8
   Spider:1 |    9165 |   11808 |  56.3 |      32 |      27 |  45.8
   Spider:2 |    5748 |    6196 |  51.9 |      17 |      11 |  39.3
      Orc:1 |    5456 |    4912 |  47.4 |      65 |      34 |  34.3
      Orc:2 |    4250 |   15678 |  78.7 |      43 |      34 |  44.2
   Gauntlet |       0 |    4219 | 100.0 |       0 |       8 | 100.0
            +---------+---------+-------+---------+---------+-------
